 Dungeon Crawl Stone Soup version 0.20.0-15-g7f486f2 (webtiles) character file.

75 PossumBlood the Skirmisher (level 4, -2/44 HPs)
             Began as a Minotaur Fighter on June 9, 2017.
             Killed from afar by an orc wizard (7 damage)
             ... with a magic dart
             ... on level 4 of the Dungeon.
             The game lasted 00:02:14 (709 turns).

PossumBlood the Skirmisher (Minotaur Fighter)        Turns: 709, Time: 00:02:14

Health: -2/44      AC:  6    Str: 27    XL:     4   Next: 11%
Magic:  3/3        EV:  7    Int:  5    God:
Gold:   67         SH: 10    Dex:  9    Spells: 3/3 levels left

rFire    . . .     SeeInvis .   a - +1 war axe
rCold    . . .     Gourm    .   c - +0 shield
rNeg     . . .     Faith    .   b - +0 scale mail
rPois    .         Spirit   .   (helmet restricted)
rElec    .         Reflect  .   (no cloak)
rCorr    .         Harm     .   (no gloves)
MR       .....                  (no boots)
Stlth    ..........             i - amulet of magic regeneration
Regen    0.2/turn               (no ring)
MPRegen  0.2/turn               (no ring)

@: mighty, slowed, very slow
A: retaliatory headbutt, horns 2
a: no special abilities


You were on level 4 of the Dungeon.
You were not hungry.

You visited 1 branch of the dungeon, and saw 3 of its levels.

You collected 67 gold pieces.

Inventory:

Hand Weapons
 a - a +1 war axe (weapon)
Armour
 b - a +0 scale mail (worn)
 c - a +0 shield (worn)
Jewellery
 i - an amulet of magic regeneration (around neck)
Scrolls
 e - 3 scrolls of remove curse
 k - a scroll of blinking {unknown}
Potions
 d - 2 potions of might
 g - a potion of mutation {unknown}
 h - a potion of brilliance
Comestibles
 f - 3 bread rations
 j - a meat ration


   Skills:
 * Level 6.0 Fighting
 - Level 2.4 Axes
 - Level 3.6 Armour
 - Level 3.6 Shields


You had 3 spell levels left.
You didn't know any spells.

Dungeon Overview and Level Annotations

Branches:
Dungeon (2/15)

Altars:
Ru

Annotations:
D:4 xash's ghost, amateur BaTm


Innate Abilities, Weirdness & Mutations

You reflexively headbutt those who attack you in melee.
You have a pair of horns on your head.


Message History

The orc wizard gestures at you while chanting.
You resist with some effort. The orc barely misses you.
You furiously retaliate!
You headbutt the orc!
You kill the orc!
The orc wizard mumbles some strange words.
The orc wizard seems to speed up.
You block the orc's attack.
The orc wizard points at you and mumbles some strange words.
The magic dart hits you!
* * * LOW HITPOINT WARNING * * *
The orc wizard gestures wildly while chanting.
The orc wizard blinks!
The orc wizard gestures at you while chanting.
The magic dart hits you!
* * * LOW HITPOINT WARNING * * *
You block the orc's attack.
The orc wizard hits you but does no damage. x2
Found a stone staircase leading up.
The orc wizard points at you and mumbles some strange words.
The magic dart hits you!
You die...

# #.## #. #..# .
#.####.######## ..
#.............# ...
#.............#..<.
#..................
#.........o...<....
..##.$..W...o.@...#
......)..........##
.>##.............#
#####.........#
##........#
##.#.##### ......
#......# #......#


You could see an orc wizard, xash's ghost and an orc.

Vanquished Creatures
  An orc priest (D:4)
  An adder (D:2)
  2 leopard geckos
  2 orcs (D:4)
  A ball python (D:1)
  3 giant cockroaches
  3 goblins (D:1)
  6 hobgoblins
  4 kobolds (D:1)
  3 bats
  3 frilled lizards (D:1)
  3 rats
32 creatures vanquished.

Notes
Turn   | Place    | Note
-------+----------+-------------------------------------------
     0 | D:1      | PossumBlood the Minotaur Fighter began the quest for the Orb.
     0 | D:1      | Reached XP level 1. HP: 19/19 MP: 0/0
    78 | D:1      | Reached skill level 4 in Fighting
   137 | D:1      | Reached XP level 2. HP: 18/27 MP: 1/1
   499 | D:1      | Reached skill level 5 in Fighting
   584 | D:2      | Reached XP level 3. HP: 36/36 MP: 2/2
   641 | D:2      | Found a sacrificial altar of Ru.
   692 | D:2      | You fall through a shaft for 2 floors!
   702 | D:4      | Noticed xash's ghost (amateur BaTm)
   702 | D:4      | Reached skill level 6 in Fighting
   702 | D:4      | Reached XP level 4. HP: 15/44 MP: 3/3
   709 | D:4      | Killed from afar by an orc wizard

Skill      XL: |  1  2  3 |
---------------+----------+-----
Fighting       | 4 5 6 |  6.0
Axes           | |  2.4
Armour         | |  3.6
Shields        | |  3.6

Action                   |  1- 3 |  4- 6 || total
-------------------------+-------+-------++-------
Melee: War axe           |    67 |       ||    67
       Headbutt          |     9 |       ||     9
  Use: Scroll            |     5 |       ||     5
       Potion            |     1 |       ||     1
Armor: Scale mail        |    11 |     2 ||    13
Dodge: Dodged            |    23 |     1 ||    24
Block: Shield            |    37 |     3 ||    40
